Map: Lerilak Crest

Players

Saadistic - Winner!

  • Race: Protoss Protoss

Theseal

  • Race: Protoss Protoss
  • League: Silver

VOD

Have the link to the VOD?

Description

Won

PvP. Oracles won most of the game. Against a lower league player. My oracle did terrible terrible damage.

Time

  • Played on: Nov. 14, 2015, 3 a.m.
  • Length: 13:41
Show
View Real Time Build Order
Export as new Build Order

Saadistic Protoss - Winner!

Build Orders: Oracle Opening 

Get SALT Encoding   

  12  0:01  Probe (Chrono Boost)  
  13  0:15  Pylon  
  13  0:17  Probe (Chrono Boost)  
  14  0:27  Probe (Chrono Boost)  
  15  0:35  Gateway  
  15  0:39  Probe (Chrono Boost)  
  17  0:50  Probe (Chrono Boost)  
  17  0:54  Pylon  
  17  1:00  Probe (Chrono Boost)  
  18  1:11  Probe (Chrono Boost), Assimilator  
  19  1:12  Assimilator  
  19  1:22  Probe (Chrono Boost)  
  19  1:25  Cybernetics Core  
  20  1:40  Probe (Chrono Boost)  
  21  1:56  Nexus  
  21  2:09  Pylon  
  21  2:14  Probe (Chrono Boost)  
  22  2:21  Stargate  
  22  2:25  Probe (Chrono Boost), Warp Gate  
  23  2:35  Probe (Chrono Boost)  
  23  2:36  Adept  
  26  2:49  Mothership Core (Chrono Boost)  
  28  3:07  Probe (Chrono Boost)  
  30  3:13  Probe (Chrono Boost)  
  30  3:14  Oracle (Chrono Boost)  
  30  3:18  Probe (Chrono Boost)  
  34  3:23  Probe (Chrono Boost)  
  34  3:25  Adept  
  37  3:28  Probe (Chrono Boost)  
  37  3:34  Probe (Chrono Boost)  
  39  3:40  Probe (Chrono Boost)  
  40  3:43  Probe (Chrono Boost)  
  41  3:49  Oracle (Chrono Boost)  
  41  3:52  Probe  
  41  3:53  Probe  
  46  4:04  Probe x2  
  46  4:06  Adept  
  50  4:11  Gateway  
  50  4:15  Probe  
  50  4:16  Probe  
  52  4:26  Probe  
  52  4:28  Probe  
  54  4:37  Pylon  
  54  4:38  Pylon  
  54  4:40  Pylon  
  54  4:51  Gateway  
  54  4:53  Gateway, Probe  
  54  4:55  Probe  
  56  5:04  Probe  
  57  5:12  Void Ray (Chrono Boost)  
  57  5:14  Probe x2  
  62  5:17  Assimilator  
  62  5:20  Assimilator  
  63  5:25  Probe, Adept  
  63  5:26  Probe  
  66  5:35  Probe  
  66  5:38  Probe  
  68  5:46  Probe, Adept x2  
  73  5:50  Probe  
  73  5:53  Pylon, Void Ray (Chrono Boost)  
  73  5:56  Pylon  
  78  5:57  Pylon  
  78  6:19  Pylon  
  76  6:28  Adept x3  
  76  6:29  Adept, Pylon  
  80  6:50  Adept x4  
  75  7:05  Probe  
  75  7:06  Probe  
  71  7:13  Void Ray (Chrono Boost)  
  75  7:16  Probe  
  75  7:19  Probe  
  77  7:26  Probe  
  74  7:30  Nexus  
  74  7:31  Probe  
  74  7:34  Stalker, Assimilator  
  74  7:35  Stalker x3  
  74  7:37  Probe  
  83  7:39  Assimilator  
  83  7:40  Pylon  
  83  7:42  Twilight Council  
  83  7:43  Probe  
  83  7:44  Forge, Pylon  
  85  7:48  Pylon  
  85  7:49  Forge  
  84  7:58  Pylon  
  84  8:00  Zealot x2  
  84  8:01  Probe, Zealot x2, Pylon  
  84  8:02  Probe  
  84  8:04  Pylon  
  94  8:07  Pylon  
  88  8:21  Zealot x4  
  90  8:32  Probe  
  90  8:33  Probe  
  88  8:39  Protoss Ground Weapons Level 1 (Chrono Boost), Protoss Ground Armor Level 1 (Chrono Boost)  
  88  8:40  Charge  
  88  8:42  Probe  
  88  8:44  Templar Archives  
  88  8:45  Probe, Zealot x3  
  88  8:47  Sentry  
  98  9:01  Probe x2, Pylon  
  98  9:02  Probe  
  101  9:12  Probe  
  101  9:13  Probe  
  103  9:18  Zealot x3  
  103  9:19  Zealot  
  111  9:24  Void Ray  
  111  9:28  Probe x2  
  117  9:39  High Templar x2  
  117  9:40  High Templar x2  
  117  9:43  Archon  
  125  9:52  Archon  
  125  9:55  Gateway  
  125  9:57  Gateway  
  125  10:03  Gateway  
  125  10:05  Gateway  
  125  10:10  Probe  
  125  10:12  Probe x2  
  128  10:17  Pylon  
  128  10:21  Probe  
  128  10:23  Zealot  
  128  10:24  Probe x2, Zealot x3  
  139  10:35  Probe  
  139  10:37  Probe x2  
  142  10:44  Pylon  
  142  10:45  Protoss Ground Armor Level 2 (Chrono Boost), Protoss Ground Weapons Level 2 (Chrono Boost)  
  142  10:48  Nexus  
  142  10:49  Pylon  
  142  10:51  Resonating Glaives (Chrono Boost), Assimilator  
  142  10:56  High Templar x3, Assimilator  
  142  10:57  High Templar  
  150  11:00  Archon  
  150  11:01  Archon  
  150  11:07  Zealot x4  
  150  11:10  Void Ray  
  162  11:20  Probe  
  162  11:21  Probe x2  
  165  11:28  High Templar x4  
  165  11:30  High Templar x3  
  165  11:32  High Templar  
  181  11:33  Probe  
  182  11:40  Archon x2  
  182  11:42  Archon  
  182  11:44  Archon  
  182  11:45  Probe  
  183  12:03  Gateway  
  183  12:05  Gateway  
  183  12:07  Gateway  
  183  12:08  Gateway x2  
  183  12:09  Adept x5  
  183  12:10  Adept x3  
  183  12:11  Gateway  
  183  12:12  Gateway  
  199  12:43  Zealot  
  199  12:44  Zealot x3  
  200  12:48  Void Ray  
  188  13:34  High Templar  
  188  13:35  High Templar x3  
  188  13:36  High Templar x2  
Show
View Real Time Build Order
Export as new Build Order

Theseal Protoss 

Build Orders: 1 Gate Expand 

Get SALT Encoding   

  12  0:02  Probe (Chrono Boost)  
  13  0:13  Pylon  
  13  0:18  Probe (Chrono Boost)  
  15  0:28  Probe (Chrono Boost)  
  15  0:36  Gateway  
  15  0:39  Probe (Chrono Boost)  
  16  0:45  Assimilator  
  16  0:49  Probe (Chrono Boost)  
  17  1:00  Probe (Chrono Boost)  
  18  1:10  Probe (Chrono Boost)  
  19  1:21  Probe (Chrono Boost)  
  20  1:31  Probe (Chrono Boost)  
  21  1:42  Nexus  
  21  1:43  Cybernetics Core  
  21  1:44  Probe (Chrono Boost)  
  22  1:55  Probe (Chrono Boost)  
  23  2:11  Pylon  
  23  2:17  Pylon  
  23  2:28  Assimilator  
  23  2:29  Probe (Chrono Boost)  
  24  2:38  Robotics Facility, Warp Gate  
  24  2:39  Probe (Chrono Boost)  
  24  2:40  Pylon  
  25  2:50  Probe (Chrono Boost)  
  26  2:58  Mothership Core (Chrono Boost), Pylon  
  28  3:01  Probe (Chrono Boost)  
  29  3:11  Probe (Chrono Boost)  
  30  3:17  Probe (Chrono Boost)  
  30  3:18  Stalker  
  33  3:22  Probe (Chrono Boost)  
  34  3:27  Probe (Chrono Boost)  
  34  3:29  Gateway  
  34  3:32  Probe (Chrono Boost)  
  36  3:38  Probe (Chrono Boost)  
  37  3:43  Probe (Chrono Boost)  
  39  3:48  Probe (Chrono Boost)  
  39  3:52  Immortal (Chrono Boost)  
  39  3:53  Probe (Chrono Boost)  
  44  3:59  Probe (Chrono Boost)  
  45  4:03  Assimilator  
  45  4:04  Probe (Chrono Boost)  
  45  4:09  Probe (Chrono Boost)  
  47  4:14  Probe  
  39  4:37  Probe  
  39  4:38  Probe  
  40  4:50  Probe x2  
  42  4:55  Pylon  
  42  5:02  Probe x2  
  44  5:14  Stalker x2  
  48  5:28  Probe  
  48  5:29  Probe  
  43  5:40  Probe  
  43  5:41  Probe  
  44  5:45  Adept  
  44  5:48  Stalker  
  48  5:55  Immortal (Chrono Boost), Gateway  
  48  5:56  Gateway  
  52  5:58  Gateway  
  52  6:00  Probe x2  
  54  6:12  Probe x2  
  48  6:19  Stalker  
  48  6:20  Stalker  
  48  6:24  Probe  
  49  6:49  Stalker x2  
  39  7:18  Immortal (Chrono Boost)  
  39  7:19  Stalker x3  
  39  7:20  Stalker x2  
  53  7:40  Probe x2  
  53  7:43  Stalker x3  
  53  7:44  Stalker x2  
  65  7:52  Probe x2  
  67  8:07  Probe  
  67  8:08  Probe  
  69  8:19  Probe  
  54  8:30  Stalker x3  
  54  8:31  Stalker x2  
  54  8:34  Probe  
  54  8:35  Probe  
  56  8:47  Probe x2  
  58  8:54  Stalker x2  
  62  8:58  Nexus  
  62  9:00  Pylon  
  62  9:02  Pylon  
  62  9:19  Zealot x4  
  62  9:20  Zealot  
  72  9:37  Probe x2  
  74  9:42  Zealot x5  
  84  9:46  Observer (Chrono Boost)  
  84  9:49  Probe x2  
  87  10:01  Probe x2  
  87  10:04  Pylon  
  89  10:07  Pylon  
  89  10:09  Probe  
  89  10:10  Twilight Council  
  89  10:13  Probe x2  
  92  10:20  Probe  
  89  10:25  Probe x2  
  87  10:30  Probe  
  88  10:37  Stalker x2, Probe x2  
  88  10:38  Stalker  
  88  10:40  Zealot  
  88  10:41  Probe, Zealot  
  101  10:49  Probe  
  103  10:50  Probe  
  103  10:51  Probe  
  104  11:01  Probe  
  104  11:02  Probe x2, Assimilator  
  107  11:05  Zealot x5  
  117  11:14  Probe x2  
  117  11:16  Probe  
  120  11:26  Probe x3  
  120  11:27  Zealot  
  120  11:30  Pylon  
  125  11:33  Pylon  
  125  11:36  Pylon  
  125  11:38  Pylon  
  125  11:46  Pylon  
  125  11:47  Probe  
  125  11:48  Probe x2  
  125  11:50  Forge  
  125  11:51  Zealot x3  
  125  11:52  Zealot x2  
  138  12:13  Stalker x3  
  144  12:31  Stalker x2  
Tags
 
Add a new tag
Caveats
  • Supply blocks, unpowered buildings, or Contaminate may cause inaccurate times.
  • Supply counts are checked every 10 seconds.